 Dungeon Crawl Stone Soup version 0.27-a0-498-g7ecbb0a48f (webtiles) character file.

Game seed: 17359113361080318034

68453 omnomnOMINOUS the Fighter (level 14, -23/130 HPs)
             Began as a Grey Draconian Conjurer on Mar 2, 2021.
             Was an Elder of Vehumet.
             Annihilated by a two-headed ogre
             ... wielding a +0 giant spiked club
              (30 damage)
             ... on level 1 of the Orcish Mines on Mar 3, 2021.
             The game lasted 01:36:19 (29418 turns).

omnomnOMINOUS the Fighter (DrCj)                   Turns: 29418, Time: 01:36:20

Health: -23/130    AC: 23    Str:  9    XL:     14   Next: 86%
Magic:  29/29      EV: 17    Int: 23    God:    Vehumet [****..]
Gold:   1908       SH:  6    Dex: 11    Spells: 21/36 levels left

rFire    . . .     SeeInvis .   b - +8 whip "Snakebite" {curare, rPois}
rCold    . . .     Faith    .   w - +2 buckler
rNeg     . . .     Spirit   .   (armour unavailable)
rPois    +         Reflect  .   (helmet restricted)
rElec    .         Harm     .   n - +0 cloak
rCorr    .         Rampage  .   X - +0 pair of gloves
Will     +....                  (no boots)
Stlth    ++........             D - amulet of regeneration
HPRegen  1.31/turn              R - ring of the Tortoise {AC+8}
MPRegen  0.21/turn              O - ring of wizardry

@: silenced
A: unfitting armour, unbreathing 2, cold-blooded, AC +13
a: Renounce Religion


You were on level 1 of the Orcish Mines.
You worshipped Vehumet.
Vehumet was greatly pleased with you.
You visited 4 branches of the dungeon, and saw 19 of its levels.

You collected 1963 gold pieces.
You spent 55 gold pieces at shops.

Inventory:

Hand Weapons
 a - the +9 spear of the Vulture {holy, rC++}
   (You found it on level 2 of the Lair of Beasts)

   It has been blessed by the Shining One to cause great damage to the undead
   and demons.
   It greatly protects you from cold.
 b - the +8 whip "Snakebite" (weapon) {curare, rPois}
   (You found it on level 2 of the Lair of Beasts)

   It poisons the flesh of those it strikes.
   It protects you from poison.
 V - a +0 dagger of distortion
Missiles
 J - 6 throwing nets
 W - 5 curare-tipped darts
Armour
 n - a +0 cloak (worn)
 w - a +2 buckler (worn)
 X - a +0 pair of gloves (worn)
Magical Staves
 M - a staff of poison
 U - a staff of cold
Jewellery
 h - a ring of willpower
 u - a ring of positive energy
 D - an amulet of regeneration (around neck)
 H - a ring of flight
 I - a ring of resist corrosion
 O - a ring of wizardry (right hand)
 R - the ring of the Tortoise (left hand) {AC+8}
   (You found it on level 11 of the Dungeon)

   [ring of protection]

   It affects your AC (+8).
 S - a +4 ring of evasion
Wands
 v - a wand of flame (38)
 x - a wand of paralysis (6)
 E - a wand of digging (16)
Scrolls
 d - a scroll of blinking
 g - 4 scrolls of fog
 j - 3 scrolls of immolation
 m - 2 scrolls of enchant weapon
 p - a scroll of enchant armour {unknown}
 r - 4 scrolls of fear
 s - 8 scrolls of teleportation
 y - 6 scrolls of amnesia
 A - 6 scrolls of magic mapping
 C - a scroll of noise
 P - a scroll of acquirement
 T - 2 scrolls of silence
Potions
 c - 4 potions of attraction
 e - a potion of ambrosia {unknown}
 k - 7 potions of curing
 l - 3 potions of berserk rage
 o - 7 potions of might
 q - a potion of resistance
 t - 2 potions of cancellation
 z - 4 potions of flight
 F - a potion of mutation {unknown}
 K - 3 potions of brilliance {unknown}
 N - 2 potions of magic {unknown}
 Q - a potion of heal wounds


   Skills:
 + Level 13.7 Fighting
 + Level 12.1 Dodging
 - Level 1.7 Stealth
 - Level 4.0 Shields
 + Level 11.6 Spellcasting
 + Level 13.4 Conjurations
 - Level 6.0 Summonings


You had 21 spell levels left.
You knew the following spells:

 Your Spells              Type           Power        Failure   Level
a - Magic Dart            Conj           100%         0%          1
b - Searing Ray           Conj           100%         1%          2
c - Iskenderun's Battles  Conj           66%          1%          5
d - Spellforged Servitor  Conj/Summ      27%          9%          7

Your spell library contained the following spells:

 Spells                   Type           Power        Failure   Level
 Fireball                 Conj/Fire      22%          1%          5
 Dazzling Flash           Conj/Hex       88%          1%          3
 Fulminant Prism          Conj/Hex       22%          1%          4
 Iskenderun's Mystic Bla  Conj/Tloc      44%          1%          4
 Confusing Touch          Hex            13%          6%          3
 Gell's Gravitas          Tloc           6%           6%          3
 Yara's Violent Unravell  Hex/Tmut       6%           14%         5
 Petrify                  Tmut/Erth      13%          19%         4
 Metabolic Englaciation   Hex/Ice        6%           45%         5


Dungeon Overview and Level Annotations

Branches:
Dungeon (11/15)            Temple (1/1) D:5            Lair (6/6) D:11
 Shoals (0/4) Lair:4       Spider (0/4) Lair:3        Slime (0/5) Lair:5
    Orc (1/2) D:9

Altars:
Ashenzari
Cheibriados
Dithmenos
Elyvilon
Fedhas
Gozag
Hepliaklqana
Kikubaaqudgha
Makhleb
Nemelex Xobeh
Okawaru
Qazlal
Ru
Sif Muna
Trog
Uskayaw
Vehumet
Wu Jian
Xom
Yredelemnul
Zin
The Shining One
Jiyva

Shops:
D:8 (   D:10 !   Orc:1 (

Annotations:
D:7 2 transporters, Lobster4's ghost, novice DECj
Lair:1 3 runed translucent doors, Baigul's ghost, journeyman NaCj
Orc:1 1 transporter, 1 runed translucent door


Innate Abilities, Weirdness & Mutations

Your dull iron-grey scales are very hard. (AC +13)
You cannot fit into any form of body armour.
You can survive without breathing, even under water.
You are cold-blooded and may be slowed by cold attacks.


Message History

The moth of wrath is heavily wounded.
The moth of wrath misses you.
You whack the moth of wrath!
The moth of wrath is almost dead.
The moth of wrath misses you.
You whack the moth of wrath!
You kill the moth of wrath!
Vehumet accepts your kill.
You hit the two-headed ogre.
The two-headed ogre is poisoned.
The two-headed ogre is lightly wounded.
The two-headed ogre hits you with a +0 giant spiked club!!
You block the two-headed ogre's attack. x2
The two-headed ogre hits you with a +0 giant club!!
You whack the two-headed ogre!
The two-headed ogre looks as sick as possible! x2
The two-headed ogre convulses.
The two-headed ogre seems to slow down.
The two-headed ogre is moderately wounded.
You hit the two-headed ogre.
The two-headed ogre looks as sick as possible!
The two-headed ogre is moderately wounded.
The two-headed ogre completely misses you.
The two-headed ogre misses you.
Unknown command.
The two-headed ogre rages.
You whack the two-headed ogre!
The two-headed ogre looks as sick as possible!
The two-headed ogre is heavily wounded.
The two-headed ogre hits you with a +0 giant spiked club!
The two-headed ogre barely misses you.
You barely miss the two-headed ogre.
Your tail-slap misses the two-headed ogre.
The two-headed ogre is heavily wounded.
You recover from your berserk rage.
You block the two-headed ogre's attack.
The two-headed ogre hits you with a +0 giant club!!
* * * LOW HITPOINT WARNING * * *
The two-headed ogre hits you with a +0 giant spiked club!!
* * * LOW HITPOINT WARNING * * *
The two-headed ogre hits you with a +0 giant club!!
You die...

........... #.....
e#..⌠..$[(..⌠..#e# #.....
# #....$?[[$....#e#
#..... #e
...$$:_)$$...#e# #.....
y# C## #+##.#..#y #.....
###. #y##W##.#..###
#.....
#§#..#######.#..#☼#
#..... #....#..O#....#
#..... #...+.@)'...#
#.#... ##..+.©.'..##
#..... ########.## #.....
#y#####.# #....#
###.©.### #...#.
#.......# #.....
#.......# #.....
###.......########.....
###...........#.#.##.#...


You could see a two-headed ogre (berserk, extremely poisoned, slow).

Vanquished Creatures
  An ettin (Orc:1)
  A fire dragon (Lair:6)
  Fannar (D:10)
  Harold (D:7)
  A boulder beetle (D:11)
  A catoblepas (Lair:6)
  6 hydras
  A centaur warrior (D:11)
  4 death yaks
  Urug (Lair:3)
  Sonja (Lair:5)
  A swamp dragon (Lair:6)
  2 orc knights
  An ugly thing (D:11)
  3 wolf spiders
  Maurice (D:11)
  2 moths of wrath (Orc:1)
  8 elephants
  17 black mambas
  3 molten gargoyles (D:11)
  11 cane toads
  A kobold demonologist (D:11)
  Maggie (Lair:1)
  14 komodo dragons
  6 rime drakes
  A hornet (Lair:5)
  16 polar bears
  7 dream sheep (Lair:6)
  23 blink frogs
  Sigmund (D:5)
  10 wyverns
  A redback (Lair:3)
  5 basilisks
  2 steam dragons (Lair:6)
  53 yaks
  6 wargs
  2 soldier ants
  Edmund (D:5)
  17 hell hounds (Lair:6)
  25 water moccasins
  3 sky beasts
  An ice beast (D:11)
  A swamp drake (Lair:6)
  8 orc warriors
  13 black bears
  A hornet zombie (D:8)
  7 centaurs
  6 ogres
  21 wolves
  2 phantoms
  3 kobold brigands
  17 bullfrogs
  2 wyvern skeletons
  11 killer bees
  A scorpion (D:11)
  5 wights (D:11)
  4 howler monkeys
  An electric eel (Lair:2)
  2 lava snakes (D:11)
  A bullfrog zombie (D:5)
  2 centaur zombies
  14 jellies
  3 hounds
  6 orc priests
  A bullfrog skeleton (D:10)
  4 iguanas
  14 orc wizards
  5 hell rats (Lair:6)
  5 worker ants
  2 worker ant zombies
  4 gnolls (D:7)
  22 adders
  A howler monkey skeleton (D:11)
  3 shadow imps
  2 white imps
  An ufetubus (D:7)
  An ooze (Lair:5)
  An adder zombie (D:5)
  A worm (D:2)
  The ghost of mg7810 the Sneak, a weakling HuDe (D:4)
  A dart slug (D:1)
  8 leopard geckos
  68 orcs
  A ball python (D:2)
  11 bats
  6 giant cockroaches
  9 goblins
  13 hobgoblins
  9 jackals
  6 quokkas
  3 frilled lizards
  14 kobolds
  A leopard gecko skeleton (D:5)
  A leopard gecko zombie (D:6)
  3 rats
617 creatures vanquished.

Vanquished Creatures (others)
  4 bushes
  57 fungi
  186 plants
247 creatures vanquished.

Grand Total: 864 creatures vanquished

Notes
Turn   | Place    | Note
-------+----------+-------------------------------------------
     0 | D:1      | omnomnOMINOUS the Draconian Conjurer began the quest for
                  | the Orb.
     0 | D:1      | Reached XP level 1. HP: 14/14 MP: 3/3
   226 | D:1      | Reached XP level 2. HP: 22/22 MP: 3/5
   229 | D:1      | Learned a level 2 spell: Searing Ray
   566 | D:1      | Reached skill level 1 in Fighting
   948 | D:1      | Reached XP level 3. HP: 28/28 MP: 3/6
  1531 | D:2      | Found a basalt altar of Yredelemnul.
  1533 | D:2      | Found a sacrificial altar of Ru.
  1533 | D:2      | Found a blossoming altar of Fedhas.
  1533 | D:2      | Found a radiant altar of Vehumet.
  1535 | D:2      | Found a white marble altar of Elyvilon.
  1536 | D:2      | Found a broken altar of Ashenzari.
  1544 | D:2      | Became a worshipper of Vehumet
  1600 | D:2      | Found a hide-covered altar of Uskayaw.
  1600 | D:2      | Found a stormy altar of Qazlal.
  2220 | D:2      | Reached XP level 4. HP: 36/36 MP: 2/7
  2278 | D:2      | Reached * piety under Vehumet
  2278 | D:2      | Offered knowledge of Foxfire by Vehumet.
  3308 | D:3      | Reached skill level 5 in Conjurations
  3803 | D:4      | Reached XP level 5. HP: 42/42 MP: 3/8
  3852 | D:4      | You fall into a shaft and drop 1 floor!
  3852 | D:5      | Entered Level 5 of the Dungeon
  3937 | D:5      | Noticed Edmund
  4010 | D:5      | Killed Edmund
  4011 | D:5      | Reached XP level 6. HP: 29/51 MP: 5/9
  4176 | D:5      | Found a glowing silver altar of Zin.
  4250 | D:5      | Noticed Sigmund
  4267 | D:5      | Killed Sigmund
  4416 | D:5      | Your scales start taking on a dull iron-grey colour.
  4416 | D:5      | Reached XP level 7. HP: 53/58 MP: 4/10
  4416 | D:5      | Gained mutation: You can survive without breathing. [Grey
                  | Draconian growth]
  4416 | D:5      | Gained mutation: You can survive without breathing, even
                  | under water. [Grey Draconian growth]
  4792 | D:5      | Reached ** piety under Vehumet
  4792 | D:5      | Offered knowledge of Freeze by Vehumet.
  4970 | D:4      | Found a runed translucent door.
  4973 | D:4      | Noticed mg7810's ghost (weakling HuDe)
  4979 | D:4      | Killed mg7810's ghost
  6076 | D:5      | Found a hazy altar of Hepliaklqana.
  6077 | D:5      | Found a shimmering altar of Xom.
  6077 | D:5      | Noticed a wyvern
  6149 | D:5      | Found a staircase to the Ecumenical Temple.
  6347 | Temple   | Entered the Ecumenical Temple
  6613 | D:6      | Offered knowledge of Inner Flame by Vehumet.
  6639 | D:6      | Found a sparkling altar of Nemelex Xobeh.
  6755 | D:6      | Reached skill level 5 in Dodging
  6755 | D:6      | Reached XP level 8. HP: 58/67 MP: 6/13
  7143 | D:6      | Reached skill level 5 in Fighting
  7801 | D:6      | Found a shimmering altar of Xom.
  7854 | D:7      | Reached *** piety under Vehumet
  8151 | D:7      | Found a transporter.
  8187 | D:7      | Noticed Harold
  8259 | D:7      | Killed Harold
  8260 | D:7      | Reached skill level 5 in Spellcasting
  8260 | D:7      | Reached XP level 9. HP: 36/78 MP: 3/16
  8713 | D:7      | Found a transporter.
  8716 | D:7      | Noticed Lobster4's ghost (novice DECj)
  8718 | D:7      | Identified the +3 dire flail of Yesterday {flame, *Corrode
                  | Dex+2 SInv}
  8718 | D:7      | Identified the +3 great mace "Exiybeso" {drain, +Blink
                  | rPois MP-9}
  8718 | D:7      | Noticed a two-headed ogre
  8751 | D:7      | Offered knowledge of Frozen Ramparts by Vehumet.
  8965 | D:8      | Reached skill level 1 in Shields
  9312 | D:8      | Reached **** piety under Vehumet
  9460 | D:8      | Found Beschari's Antique Weapon Shoppe.
  9851 | D:8      | Found a shimmering blue altar of Sif Muna.
  9965 | D:8      | Offered knowledge of Olgreb's Toxic Radiance by Vehumet.
 10323 | D:9      | Reached XP level 10. HP: 86/86 MP: 16/18
 10344 | D:9      | Found a staircase to the Orcish Mines.
 10383 | D:9      | Reached ***** piety under Vehumet
 10383 | D:9      | Offered knowledge of Spellforged Servitor by Vehumet.
 10744 | D:9      | Learned a level 7 spell: Spellforged Servitor
 10840 | D:9      | Noticed a two-headed ogre
 10997 | D:9      | Found an opulent altar of Gozag.
 11661 | D:10     | Entered Level 10 of the Dungeon
 11899 | D:10     | Found Cacento's Distillery.
 11903 | D:10     | Bought a potion of heal wounds for 55 gold pieces
 12100 | D:10     | Found a burning altar of Makhleb.
 12100 | D:10     | Noticed a balrug
 12179 | D:10     | Noticed Fannar
 12781 | D:11     | Noticed a centaur warrior
 12795 | D:11     | Killed a centaur warrior
 12926 | D:11     | Noticed Maurice
 12997 | D:11     | Killed Maurice
 13071 | D:11     | Found the ring of the Tortoise {AC+8}
 13104 | D:11     | Reached XP level 11. HP: 97/97 MP: 10/21
 13692 | D:11     | Noticed a boulder beetle
 13718 | D:11     | Killed a boulder beetle
 13812 | D:11     | Found a staircase to the Lair.
 13920 | D:11     | Found a sparkling altar of Nemelex Xobeh.
 13995 | D:11     | Reached skill level 10 in Conjurations
 14440 | D:10     | Killed Fannar
 14975 | D:11     | Noticed a green ugly thing
 14984 | D:11     | Killed a green ugly thing
 14985 | D:11     | Reached skill level 10 in Fighting
 15245 | Lair:1   | Entered Level 1 of the Lair of Beasts
 15292 | Lair:1   | Found a runed translucent gate.
 15293 | Lair:1   | Found a runed translucent gate.
 15294 | Lair:1   | Found a runed translucent gate.
 15436 | Lair:1   | Noticed Baigul's ghost (journeyman NaCj)
 15807 | Lair:1   | Reached XP level 12. HP: 96/107 MP: 18/24
 15815 | Lair:1   | Offered knowledge of Irradiate by Vehumet.
 15856 | Lair:1   | Noticed Maggie
 16434 | Lair:1   | Killed Maggie
 17187 | Lair:2   | Reached skill level 1 in Summonings
 17523 | Lair:2   | Identified the +9 spear of the Vulture {holy, rC++}
 17882 | Lair:2   | Found the +8 whip "Snakebite" {curare, rPois}
 17996 | Lair:2   | Reached skill level 10 in Dodging
 18179 | Lair:3   | Noticed a four-headed hydra
 18195 | Lair:3   | Killed a four-headed hydra
 18400 | Lair:3   | Noticed Urug
 18443 | Lair:3   | Killed Urug
 18745 | Lair:3   | Found a hole to the Spider Nest.
 19386 | Lair:4   | Reached XP level 13. HP: 87/116 MP: 26/26
 19859 | Lair:3   | Offered knowledge of Iskenderun's Battlesphere by Vehumet.
 19866 | Lair:3   | Learned a level 5 spell: Iskenderun's Battlesphere
 20637 | Lair:4   | Found a staircase to the Shoals.
 20647 | Lair:4   | Reached skill level 10 in Spellcasting
 20766 | Lair:4   | Reached skill level 5 in Summonings
 21613 | Lair:5   | Noticed Sonja
 21698 | Lair:5   | Killed Sonja
 22348 | Lair:5   | Found a staircase to the Slime Pits.
 22373 | Lair:5   | Offered knowledge of Eringya's Noxious Bog by Vehumet.
 23699 | Lair:6   | Entered Level 6 of the Lair of Beasts
 23799 | Lair:6   | Reached XP level 14. HP: 124/127 MP: 16/28
 24292 | Lair:6   | Reached ****** piety under Vehumet
 24478 | Lair:6   | Offered knowledge of Starburst by Vehumet.
 27058 | Lair:6   | Offered knowledge of Fireball by Vehumet.
 27108 | Lair:6   | Identified a scroll of acquirement
 28447 | Orc:1    | Entered Level 1 of the Orcish Mines
 28830 | Orc:1    | Found a transporter.
 28866 | Orc:1    | Found a transporter.
 28963 | Orc:1    | Found Kyghasm's Weapon Shop.
 29007 | Orc:1    | Found a bloodstained altar of Trog.
 29008 | Orc:1    | Found the necklace of Bloodlust {*Rage +Rage Will++ Int-3
                  | Slay+6}
 29008 | Orc:1    | Found the +7 Singing Sword {vorpal, sonic wave}
 29255 | Orc:1    | Found a runed translucent door.
 29418 | Orc:1    | Annihilated by a two-headed ogre

Illustrated notes

Levels and vault maps discovered:
D:1:      shiori_arrival_oz, layout_loops_ring
D:2:      layout_loops_corners, grunt_temple_overflow_open,
          amethyst_overflow_temple_binary
D:3:      layout_loops_ring, eino_tiny_chamber
D:4:      cheibrodos_thug_alley, layout_cave_pools, ebering_ghost_sewer_d,
          minmay_misc_feat_more_columns, hex_large
D:5:      layout_basic, nicolae_overflow_crystal_walls,
          regret_index_temple_of_mockery, minmay_temple_entry_enclosed_plants,
          uniq_edmund, uniq_sigmund
D:6:      lemuel_upstairs_altar, layout_cave_pods, basic_altar, corner_web_ring,
          nicolae_benzene_ring
D:7:      layout_rooms, gammafunk_ghost_smash, uniq_harold
D:8:      layout_basic, lemuel_round_altar, serial_shops, shop
D:9:      layout_roguey, nicolae_gozag_seed_capital, hiddenorc2_lemuel,
          nrook_mini_vaults
D:10:     layout_stronghold, serial_shops, nicolae_shop_behind_doors,
          makhleb_altar_promises_db, uniq_fannar
D:11:     layout_loops_ring, minmay_lair_entry_grove, basic_altar, minivault_8,
          uniq_maurice
Temple:   pf_slimified_temple
Lair:1:   layout_layer_cave, ebering_ghost_rock_garden, grunt_megastairs_2,
          uniq_maggie
Lair:2:   minmay_guarded_unrand_snakebite, layout_hall_layers,
          serial_bayou_shore_a
Lair:3:   layout_misc_corridors, spider_nest_entry_rubble,
          infiniplex_staircase_pool_2, uniq_urug
Lair:4:   beast_lair_carwin_large_3, layout_misc_corridors,
          minmay_shoals_entry_centaurs, st_stairs_5
Lair:5:   minmay_lair_venomous_thicket, layout_regular_city,
          minmay_slime_entry_jelly_boxes, cheibrodos_lair_lostbears,
          grunt_megastairs_1, uniq_sonja
Lair:6:   guppyfry_lair_end_dragon, layout_layer_cave,
          hangedman_lair_caniforms_friends
Orc:1:    emtedronai_trogs_sanctum, layout_caves, serial_shops, shop

Skill      XL: |  1  2  3  4  5  6  7  8  9 10 11 12 13 14 |
---------------+-------------------------------------------+-----
Dodging        | 2 3 4 5 6 8 9 10 11 12 | 12.1
Fighting       | 1 2 3 4 6 7 9 10 11 12 13 | 13.7
Conjurations   | 5 6 7 8 9 10 11 12 13 | 13.4
Spellcasting   | 3 5 7 8 9 10 11 | 11.6
Shields        | 3 4 |  4.0
Summonings     | 4 6 |  6.0
Stealth        | |  1.7

Action                   |  1- 3 |  4- 6 |  7- 9 | 10-12 | 13-15 || total
-------------------------+-------+-------+-------+-------+-------++-------
Melee: Club              |     1 |       |       |       |       ||     1
       Short sword       |    10 |     6 |    14 |       |       ||    30
       Tailslap          |     2 |     2 |     1 |     4 |    44 ||    53
       Spear             |       |     2 |       |    10 |       ||    12
       Dagger            |       |       |    16 |    28 |       ||    44
       Whip              |       |       |       |    66 |   550 ||   616
 Cast: Magic Dart        |    17 |       |     7 |       |    17 ||    41
       Searing Ray       |    31 |    27 |    79 |   162 |   164 ||   463
       Iskenderun's Batt |       |       |       |       |    18 ||    18
Evoke: Wand              |       |       |       |       |     2 ||     2
  Use: Potion            |       |       |     3 |     2 |     2 ||     7
       Scroll            |       |       |       |    13 |     7 ||    20
 Stab: Sleeping          |       |     1 |     1 |     2 |     1 ||     5
Armor: Skin              |     9 |     8 |    59 |   137 |   401 ||   614
Dodge: Dodged            |    15 |    12 |   124 |   203 |   843 ||  1197
Block: Buckler           |       |       |       |    91 |   335 ||   426

Table legend: (Time is in decaauts)
 A = Elapsed time spent in this place.
 B = Non-inter-level travel time spent in this place.
 C = Inter-level travel time spent in this place.
 D = Time resting spent in this place.
 E = Time spent auto-exploring this place.
 F = Levels seen in this place.
 G = Mean time per level.
                   A        B        C        D        E       F      G
               +--------+--------+--------+--------+--------+-----+--------+
         Total |  29537 |  28435 |   1102 |   9235 |  13755 |  19 | 1554.6 |
       Dungeon |  15530 |  14802 |    728 |   3869 |   8377 |  11 | 1411.8 |
        Temple |    103 |     85 |     18 |      0 |     84 |   1 |  103.0 |
          Lair |  13181 |  12851 |    330 |   5259 |   4896 |   6 | 2196.8 |
  Orcish Mines |    721 |    696 |     25 |    107 |    398 |   1 |  721.0 |
               +--------+--------+--------+--------+--------+-----+--------+

Top non-repeatable levels by time:
  Lair:6: 4007 daAuts
  Lair:4: 2578 daAuts
    D:11: 1980 daAuts
  Lair:3: 1898 daAuts
  Lair:1: 1800 daAuts
  Lair:5: 1732 daAuts
    D:10: 1655 daAuts
     D:5: 1648 daAuts
     D:9: 1469 daAuts
     D:8: 1421 daAuts
     D:6: 1382 daAuts
     D:2: 1340 daAuts
     D:1: 1299 daAuts
     D:7: 1199 daAuts
  Lair:2: 1163 daAuts
